ESL (28 & UNDER)
NEWARK BULLDOGS @ BUFFALO LIGHTSABRES
06/29/2030
 
TOP OF THE 1ST
Newark Bulldogs batting - Pitching for Buffalo LightSabres : RHP Dan Jones
Pitching: RHP Dan Jones
Batting: LHB Will O'Dell 0-0: Ball
1-0: Swinging Strike
1-1: Ball
2-1: Foul Ball, location: 2F
2-2: Foul Ball, location: 2F
2-2: Fly out, F8 (Flyball, 8RM)
Batting: RHB Bill Bourland 0-0: Foul Ball, location: 2F
0-1: SINGLE (Groundball, 34S) (infield hit)
Batting: LHB Carl Hayden 0-0: Ball
1-0: Called Strike
1-1: Foul Ball, location: 2F
1-2: SINGLE (Line Drive, 78M)
Bill Bourland to second
Pitching: RHP Howard Jewel
Batting: RHB Jesús Solís 0-0: Foul Ball, location: 2F
0-1: Fly out, F7 (Flyball, 7S)
Batting: RHB Aaron Washington 0-0: Ball
1-0: Foul Ball, location: 2F
1-1: Ball
2-1: Fielders Choice at 2nd, 6-4 (Groundball, 6)
Top of the 1st over - 0 runs, 2 hits, 0 errors, 2 left on base; Newark 0 - Buffalo 0
BOTTOM OF THE 1ST
Buffalo LightSabres batting - Pitching for Newark Bulldogs : LHP José Reyes
Pitching: LHP José Reyes
Batting: LHB Júlio Córdova 0-0: Ball
1-0: Foul Ball, location: 2F
1-1: Swinging Strike
1-2: Foul Ball, location: 2F
1-2: Fly out, F8 (Line Drive, 8RD)
Batting: RHB Júlio López 0-0: Foul Ball, location: 2F
0-1: Ball
1-1: Reached on error, E5 (Groundball, 56)
Batting: RHB Augusto Padilla 0-0: Called Strike
0-1: SINGLE (Line Drive, 8LM)
Júlio López to second
Runner from 2nd tries for 3rd, OUT after rundown.
Batting: LHB Garrett King 0-0: Ball
1-0: Ball
2-0: Swinging Strike
2-1: Fielders Choice at 2nd, 6-4 (Groundball, 6)
Bottom of the 1st over - 0 runs, 1 hit, 1 error, 1 left on base; Newark 0 - Buffalo 0
TOP OF THE 2ND
Newark Bulldogs batting - Pitching for Buffalo LightSabres : RHP Howard Jewel
Batting: RHB Ben Kearley 0-0: Ball
1-0: Ball
2-0: Ball
3-0: Base on Balls
Batting: LHB Ángel Tuzzi 0-0: Ball
1-0: Called Strike
1-1: Swinging Strike
1-2: Ball
2-2: SINGLE (Line Drive, 6D)
Ben Kearley to second
Batting: RHB Álex Hernández 0-0: Foul Ball, location: 2F
0-1: Ball
1-1: Foul Ball, location: 2F
1-2: Ball
2-2: Strikes out swinging
Batting: RHB Edgardo Hernández 0-0: Ball
1-0: Swinging Strike
1-1: Ball
2-1: Swinging Strike
2-2: Ball
3-2: 3-RUN HOME RUN (Flyball, 78XD), Distance : 399 ft
Batting: LHB Will O'Dell 0-0: Called Strike
0-1: Ball
1-1: Ball
2-1: Ball
3-1: Base on Balls
Batting: RHB Bill Bourland 0-0: Ball
1-0: Ball
2-0: Foul Ball, location: 2F
2-1: Ball
3-1: Called Strike
3-2: Foul Ball, location: 2F
3-2: Foul Ball, location: 2F
3-2: Fly out, F9 (Flyball, 9S)
Batting: LHB Carl Hayden 0-0: Called Strike
0-1: Called Strike
0-2: Strikes out swinging
Top of the 2nd over - 3 runs, 2 hits, 0 errors, 1 left on base; Newark 3 - Buffalo 0
BOTTOM OF THE 2ND
Buffalo LightSabres batting - Pitching for Newark Bulldogs : LHP José Reyes
Batting: RHB Pat McDonald 0-0: Ground out 5-3 (Groundball, 56)
Batting: LHB Tim Griffith 0-0: Called Strike
0-1: Ball
1-1: SOLO HOME RUN (Flyball, 9LD), Distance : 353 ft
Batting: LHB Rob Davidson 0-0: Called Strike
0-1: Ball
1-1: Called Strike
1-2: Ball
2-2: Foul Ball, location: 2F
2-2: SINGLE (Groundball, 25) (infield hit)
Batting: RHB Abraham Hardy 0-0: Ball
1-0: Called Strike
1-1: Ground out U3 (Groundball, 34S)
Rob Davidson to second
Batting: LHB Sergio Luna 0-0: Ball
1-0: Called Strike
1-1: SINGLE (Groundball, 3D)
Rob Davidson to third
Runner from 3rd tries for Home, SAFE, no throw
Batting: LHB Júlio Córdova 0-0: Ball
1-0: Fielders Choice at 2nd, 6-4 (Groundball, 56)
Bottom of the 2nd over - 2 runs, 3 hits, 0 errors, 1 left on base; Newark 3 - Buffalo 2
TOP OF THE 3RD
Newark Bulldogs batting - Pitching for Buffalo LightSabres : RHP Howard Jewel
Batting: RHB Jesús Solís 0-0: Swinging Strike
0-1: Ball
1-1: Ball
2-1: Ground out 6-3 (Groundball, 6)
Batting: RHB Aaron Washington 0-0: SINGLE (Flyball, 9LS)
Batting: RHB Ben Kearley 0-0: Swinging Strike
0-1: Called Strike
0-2: Foul Ball, location: 2F
0-2: Strikes out swinging
Batting: LHB Ángel Tuzzi 0-0: Called Strike
Aaron Washington steals 2nd base
0-1: Ball
1-1: Ball
2-1: Swinging Strike
2-2: Foul Ball, location: 2F
2-2: Foul Ball, location: 2F
2-2: Foul Ball, location: 2F
2-2: Ground out 5-3 (Groundball, 5L)
Top of the 3rd over - 0 runs, 1 hit, 0 errors, 1 left on base; Newark 3 - Buffalo 2
BOTTOM OF THE 3RD
Buffalo LightSabres batting - Pitching for Newark Bulldogs : LHP José Reyes
Batting: RHB Júlio López 0-0: Fly out, F9 (Flyball, 9S)
Batting: RHB Augusto Padilla 0-0: Ball
1-0: Called Strike
1-1: Ground out 5-3 (Groundball, 56)
Batting: LHB Garrett King 0-0: Called Strike
0-1: Foul Ball, location: 2F
0-2: SINGLE (Groundball, 4MD)
Batting: RHB Pat McDonald 0-0: Ball
1-0: Called Strike
1-1: Ball
2-1: Fielders Choice at 2nd, 6-4 (Groundball, 6)
Bottom of the 3rd over - 0 runs, 1 hit, 0 errors, 1 left on base; Newark 3 - Buffalo 2
TOP OF THE 4TH
Newark Bulldogs batting - Pitching for Buffalo LightSabres : RHP Howard Jewel
Batting: RHB Álex Hernández 0-0: SINGLE (Line Drive, 9S)
Batting: RHB Edgardo Hernández 0-0: Ball
1-0: TRIPLE (Flyball, 89XD)
Álex Hernández scores
Batting: LHB Will O'Dell 0-0: Ball
1-0: Ball
2-0: Ground out 4-3 (Groundball, 4)
Edgardo Hernández scores
Batting: RHB Bill Bourland 0-0: Ball
1-0: Ball
2-0: Ball
3-0: Called Strike
3-1: Base on Balls
Pitching: LHP Tom Workman
Batting: LHB Carl Hayden 0-0: Called Strike
Bill Bourland steals 2nd base
0-1: Ball
1-1: Ball
2-1: Ball
3-1: Called Strike
3-2: Base on Balls
Batting: RHB Jesús Solís 0-0: Ball
1-0: Foul Ball, location: 2F
1-1: Ball
2-1: Ball
3-1: Foul Ball, location: 2F
3-2: Base on Balls
Bill Bourland to third
Carl Hayden to second
Batting: RHB Aaron Washington 0-0: Foul Ball, location: 2F
0-1: Ball
1-1: Swinging Strike
1-2: Foul Ball, location: 2F
1-2: Ball
2-2: DOUBLE (Groundball, 5L)
Bill Bourland scores
Carl Hayden scores
Jesús Solís to third
Runner from 3rd tries for Home, SAFE, no throw
Batting: RHB Ben Kearley 0-0: Ball
1-0: Ball
2-0: Swinging Strike
2-1: Ball
3-1: Foul Ball, location: 2F
3-2: SINGLE (Line Drive, 9S)
Aaron Washington to third
Batting: LHB Ángel Tuzzi 0-0: Swinging Strike
0-1: Ball
1-1: Swinging Strike
1-2: Foul Ball, location: 2F
1-2: Strikes out swinging
Batting: RHB Álex Hernández 0-0: Ball
1-0: Ball
2-0: Called Strike
2-1: Foul Ball, location: 2F
2-2: SINGLE (Groundball, 4D)
Aaron Washington scores
Ben Kearley to second
Pitching: RHP Dylan Versluis
Batting: RHB Edgardo Hernández 0-0: Foul Ball, location: 2F
0-1: Ball
1-1: Called Strike
1-2: Strikes out swinging
Top of the 4th over - 6 runs, 5 hits, 0 errors, 2 left on base; Newark 9 - Buffalo 2
BOTTOM OF THE 4TH
Buffalo LightSabres batting - Pitching for Newark Bulldogs : LHP José Reyes
Batting: LHB Tim Griffith 0-0: Ground out 5-3 (Groundball, 5)
Batting: LHB Rob Davidson 0-0: Swinging Strike
0-1: Ball
1-1: Ball
2-1: Swinging Strike
2-2: Strikes out swinging
Batting: RHB Abraham Hardy 0-0: Ball
1-0: Called Strike
1-1: Ball
2-1: Called Strike
2-2: Strikes out swinging
Bottom of the 4th over - 0 runs, 0 hits, 0 errors, 0 left on base; Newark 9 - Buffalo 2
TOP OF THE 5TH
Newark Bulldogs batting - Pitching for Buffalo LightSabres : RHP Dylan Versluis
Pitching: RHP Junior Pineault
Batting: LHB Will O'Dell 0-0: Ball
1-0: Ball
2-0: Ball
3-0: Foul Ball, location: 2F
3-1: Called Strike
3-2: Foul Ball, location: 2F
3-2: Strikes out swinging
Batting: RHB Bill Bourland 0-0: Ball
1-0: Ball
2-0: Ball
3-0: Called Strike
3-1: Called Strike
3-2: SINGLE (Groundball, 6D)
Batting: LHB Carl Hayden 0-0: Swinging Strike
0-1: Ball
1-1: Ball
2-1: Foul Ball, location: 2F
2-2: SINGLE (Flyball, 7S)
Bill Bourland to second
Batting: RHB Jesús Solís 0-0: Ball
1-0: Foul Ball, location: 2F
1-1: Ball
2-1: Fly out, F9 (Flyball, 9S)
Batting: RHB Aaron Washington 0-0: Called Strike
0-1: Foul Ball, location: 2F
0-2: Foul Ball, location: 2F
0-2: Ball
1-2: Ball
2-2: Strikes out swinging
Top of the 5th over - 0 runs, 2 hits, 0 errors, 2 left on base; Newark 9 - Buffalo 2
BOTTOM OF THE 5TH
Buffalo LightSabres batting - Pitching for Newark Bulldogs : LHP José Reyes
Batting: LHB Sergio Luna 0-0: Foul Ball, location: 2F
0-1: SOLO HOME RUN (Flyball, 9LD), Distance : 353 ft
Batting: LHB Júlio Córdova 0-0: Foul Ball, location: 2F
0-1: Ball
1-1: Swinging Strike
1-2: Ball
2-2: Ground out U3 (Groundball, 3)
Batting: RHB Júlio López 0-0: Called Strike
0-1: Foul Ball, location: 2F
0-2: Ball
1-2: Ball
2-2: Foul Ball, location: 2F
2-2: Foul Ball, location: 2F
2-2: Foul Ball, location: 2F
2-2: Ball
3-2: Foul Ball, location: 2F
3-2: Fly out, F9 (Line Drive, 9)
Batting: RHB Augusto Padilla 0-0: Fly out, F8 (Flyball, 8LS)
Bottom of the 5th over - 1 run, 1 hit, 0 errors, 0 left on base; Newark 9 - Buffalo 3
TOP OF THE 6TH
Newark Bulldogs batting - Pitching for Buffalo LightSabres : RHP Junior Pineault
Batting: RHB Ben Kearley 0-0: Called Strike
0-1: Called Strike
0-2: Strikes out swinging
Batting: LHB Ángel Tuzzi 0-0: Ball
1-0: Called Strike
1-1: DOUBLE (Flyball, 9LD)
Batting: RHB Álex Hernández 0-0: Called Strike
0-1: Ball
1-1: Ball
2-1: Swinging Strike
2-2: Ball
3-2: Strikes out swinging
Batting: RHB Edgardo Hernández 0-0: Called Strike
0-1: Foul Ball, location: 2F
0-2: Ball
1-2: Ball
2-2: Strikes out swinging
Top of the 6th over - 0 runs, 1 hit, 0 errors, 1 left on base; Newark 9 - Buffalo 3
BOTTOM OF THE 6TH
Buffalo LightSabres batting - Pitching for Newark Bulldogs : LHP José Reyes
Batting: LHB Garrett King 0-0: Ball
1-0: Ball
2-0: Called Strike
2-1: Called Strike
2-2: Strikes out swinging
Batting: RHB Pat McDonald 0-0: Called Strike
0-1: Called Strike
0-2: Ball
1-2: Ball
2-2: Strikes out swinging
Batting: LHB Tim Griffith 0-0: Ball
1-0: Ball
2-0: Ball
3-0: Base on Balls
Batting: LHB Rob Davidson 0-0: Ball
1-0: Swinging Strike
1-1: Called Strike
1-2: Strikes out swinging
Bottom of the 6th over - 0 runs, 0 hits, 0 errors, 1 left on base; Newark 9 - Buffalo 3
TOP OF THE 7TH
Newark Bulldogs batting - Pitching for Buffalo LightSabres : RHP Junior Pineault
Batting: LHB Will O'Dell 0-0: Swinging Strike
0-1: Ground out 4-3 (Groundball, 4)
Batting: RHB Bill Bourland 0-0: Ball
1-0: Called Strike
1-1: SINGLE (Groundball, 4MD)
Batting: LHB Carl Hayden 0-0: Called Strike
0-1: Called Strike
Bill Bourland steals 2nd base
0-2: Ball
1-2: Foul Ball, location: 2F
1-2: Ball
2-2: SINGLE (Groundball, 6MD)
Bill Bourland to third
Runner from 3rd tries for Home, throw and OUT!
Carl Hayden to second
Batting: RHB Jesús Solís 0-0: Ball
1-0: Called Strike
1-1: Swinging Strike
1-2: Strikes out swinging
Top of the 7th over - 0 runs, 2 hits, 0 errors, 1 left on base; Newark 9 - Buffalo 3
BOTTOM OF THE 7TH
Buffalo LightSabres batting - Pitching for Newark Bulldogs : LHP José Reyes
Pitching: LHP Vicente López
Batting: RHB Abraham Hardy 0-0: Called Strike
0-1: Swinging Strike
0-2: Ball
1-2: Ball
2-2: Foul Ball, location: 2F
2-2: SINGLE (Line Drive, 78S)
Batting: LHB Sergio Luna 0-0: Ball
1-0: Called Strike
1-1: Called Strike
1-2: Foul Ball, location: 2F
1-2: Strikes out swinging
Batting: LHB Júlio Córdova 0-0: Called Strike
0-1: Ball
1-1: Ball
2-1: Foul Ball, location: 2F
2-2: Strikes out swinging
Batting: RHB Júlio López 0-0: Foul Ball, location: 2F
0-1: Called Strike
0-2: SINGLE (Line Drive, 34D)
Abraham Hardy to second
Batting: RHB Augusto Padilla 0-0: Ball
1-0: Called Strike
1-1: Swinging Strike
1-2: Ball
2-2: Foul Ball, location: 2F
2-2: Strikes out swinging
Bottom of the 7th over - 0 runs, 2 hits, 0 errors, 2 left on base; Newark 9 - Buffalo 3
TOP OF THE 8TH
Newark Bulldogs batting - Pitching for Buffalo LightSabres : RHP Junior Pineault
Batting: RHB Aaron Washington 0-0: Ball
1-0: Ball
2-0: Ball
3-0: Called Strike
3-1: Swinging Strike
3-2: Foul Ball, location: 2F
3-2: Strikes out swinging
Batting: RHB Ben Kearley 0-0: Ball
1-0: Swinging Strike
1-1: Ground out 4-3 (Groundball, 4)
Batting: LHB Ángel Tuzzi 0-0: Called Strike
0-1: Ball
1-1: Ball
2-1: Foul Ball, location: 2F
2-2: Hit by Pitch
Batting: RHB Álex Hernández 0-0: Called Strike
0-1: Ball
1-1: Fly out, F2 (Popup, 2RF)
Top of the 8th over - 0 runs, 0 hits, 0 errors, 1 left on base; Newark 9 - Buffalo 3
BOTTOM OF THE 8TH
Buffalo LightSabres batting - Pitching for Newark Bulldogs : LHP Vicente López
Batting: LHB Garrett King 0-0: Foul Ball, location: 2F
0-1: Swinging Strike
0-2: Ball
1-2: Fly out, F7 (Flyball, 7)
Batting: RHB Pat McDonald 0-0: Called Strike
0-1: Ball
1-1: Ball
2-1: Ball
3-1: Foul Ball, location: 2F
3-2: Base on Balls
Batting: LHB Tim Griffith 0-0: Foul Ball, location: 2F
0-1: Foul Ball, location: 2F
0-2: Ball
1-2: Strikes out swinging
Batting: LHB Rob Davidson 0-0: Called Strike
0-1: Called Strike
0-2: Ball
1-2: Ball
2-2: Ball
3-2: SINGLE (Line Drive, 89S)
Pat McDonald to second
Pat McDonald to third
Batting: RHB Abraham Hardy 0-0: Fielders Choice at 2nd, 6-4 (Groundball, 6)
Bottom of the 8th over - 0 runs, 1 hit, 0 errors, 2 left on base; Newark 9 - Buffalo 3
TOP OF THE 9TH
Newark Bulldogs batting - Pitching for Buffalo LightSabres : RHP Junior Pineault
Batting: RHB Edgardo Hernández 0-0: Ball
1-0: Ball
2-0: Ball
3-0: Called Strike
3-1: Foul Ball, location: 2F
3-2: Fly out, F8 (Flyball, 89M)
Batting: LHB Will O'Dell 0-0: Ground out 3-1 (Groundball, 34S)
Batting: RHB Bill Bourland 0-0: SINGLE (Groundball, 6S) (infield hit)
Batting: LHB Carl Hayden 0-0: Called Strike
0-1: Foul Ball, location: 2F
0-2: Foul Ball, location: 2F
0-2: Ball
1-2: Ball
2-2: SINGLE (Line Drive, 56D)
Bill Bourland to second
Batting: RHB Jesús Solís 0-0: Called Strike
0-1: Fielders Choice at 2nd, 6-4 (Groundball, 6)
Top of the 9th over - 0 runs, 2 hits, 0 errors, 2 left on base; Newark 9 - Buffalo 3
BOTTOM OF THE 9TH
Buffalo LightSabres batting - Pitching for Newark Bulldogs : LHP Vicente López
Batting: LHB Sergio Luna 0-0: Called Strike
0-1: Ball
1-1: Foul Ball, location: 2F
1-2: Ground out 4-3 (Groundball, 4)
Batting: LHB Júlio Córdova 0-0: Called Strike
0-1: Ball
1-1: Called Strike
1-2: Ball
2-2: Strikes out looking
Batting: RHB Júlio López 0-0: Ground out 6-3 (Groundball, 6)
Bottom of the 9th over - 0 runs, 0 hits, 0 errors, 0 left on base; Newark 9 - Buffalo 3
Saturday, April 7th, 2018 - OOTP Baseball 18.8 Build 76